TOP OF THE 1ST |
Cape Coral Reefers batting - Pitching for Idaho Falls Chukars : RHP Gary Podell
|
Pitching: RHP Gary Podell
|
|
Batting: LHB Pat Carter
|
0-0: Ball 1-0: Foul Ball, location: 2F 1-1: Foul Ball, location: 2F 1-2: Ball 2-2: SINGLE (Line Drive, 34, EV 94.4 MPH)
|
Batting: LHB Pedro Guerrero
|
0-0: Ball 1-0: Fly out, F7 (Flyball, 7S, EV 91.9 MPH)
|
Batting: RHB Dima Tabakaev
|
0-0: Ball 1-0: Swinging Strike 1-1: Ball 2-1: SINGLE (Flyball, 7S, EV 88.8 MPH) Pat Carter to second
|
Batting: LHB Danny Rodríguez
|
0-0: Ball Pat Carter steals 3rd base Dima Tabakaev to second 1-0: Called Strike 1-1: Swinging Strike 1-2: Strikes out looking
|
Batting: RHB Tom Camden
|
0-0: Ball 1-0: Ball 2-0: Ball 3-0: Called Strike 3-1: 3-RUN HOME RUN (Flyball, 78XD, EV 104.4 MPH), Distance : 444 ft
|
Batting: RHB Axel Ruschmeyer
|
0-0: Ball 1-0: Foul Ball, location: 2F 1-1: Swinging Strike 1-2: Strikes out swinging
|
Top of the 1st over - 3 runs, 3 hits, 0 errors, 0 left on base; Cape Coral 3 - Idaho Falls 0 |
BOTTOM OF THE 1ST |
Idaho Falls Chukars batting - Pitching for Cape Coral Reefers : RHP Thomas Careless
|
Pitching: RHP Thomas Careless
|
|
Batting: SHB Oscar Henson
|
0-0: Called Strike 0-1: Foul Ball, location: 2F 0-2: Ball 1-2: SOLO HOME RUN (Flyball, 9LD, EV 110.6 MPH), Distance : 360 ft
|
Batting: RHB Muoi Hoan
|
0-0: Foul Ball, location: 2F 0-1: Swinging Strike 0-2: Foul Ball, location: 2F 0-2: Foul Ball, location: 2F 0-2: Ball 1-2: Ball 2-2: Strikes out looking
|
Batting: SHB Koryusai Ohayashi
|
0-0: Ball 1-0: Ball 2-0: Ball 3-0: Called Strike 3-1: Base on Balls
|
Batting: LHB Huibrecht Bloemheuvel
|
0-0: Ball 1-0: Called Strike 1-1: Swinging Strike 1-2: Strikes out looking
|
Batting: RHB César Vélez
|
0-0: Ball 1-0: Fly out, F8 (Flyball, 78D, EV 94.4 MPH)
|
Bottom of the 1st over - 1 run, 1 hit, 0 errors, 1 left on base; Cape Coral 3 - Idaho Falls 1 |
TOP OF THE 2ND |
Cape Coral Reefers batting - Pitching for Idaho Falls Chukars : RHP Gary Podell
|
Batting: RHB Woong Byeon
|
0-0: Called Strike 0-1: Swinging Strike 0-2: DOUBLE (Line Drive, 7LM, EV 111.2 MPH)
|
Batting: LHB Fernando Negrete
|
0-0: Called Strike 0-1: Ground out 5-3 (Groundball, 56, EV 86.9 MPH)
|
Batting: RHB Dave Hill
|
0-0: Ball 1-0: Ball 2-0: Ground out 6-3 (Groundball, 6, EV 91.2 MPH)
|
Batting: LHB Pat Carter
|
0-0: Called Strike 0-1: Foul Ball, location: 2F 0-2: Ball 1-2: Ball 2-2: Strikes out looking
|
Top of the 2nd over - 0 runs, 1 hit, 0 errors, 1 left on base; Cape Coral 3 - Idaho Falls 1 |
BOTTOM OF THE 2ND |
Idaho Falls Chukars batting - Pitching for Cape Coral Reefers : RHP Thomas Careless
|
Batting: LHB Doyle Berkey
|
0-0: Swinging Strike 0-1: Ball 1-1: Ball 2-1: Foul Ball, location: 2F 2-2: Strikes out looking
|
Batting: RHB Kel Warren
|
0-0: Ball 1-0: Foul Ball, location: 2F 1-1: Ball 2-1: Ground out 6-3 (Groundball, 6S, EV 86.2 MPH)
|
Batting: RHB Jon Walker
|
0-0: Ball 1-0: Called Strike 1-1: Ball 2-1: Called Strike 2-2: Foul Ball, location: 2F 2-2: Foul Ball, location: 2F 2-2: Ball 3-2: DOUBLE (Flyball, 78XD, EV 101.2 MPH)
|
Batting: RHB Javier Botín
|
0-0: Called Strike 0-1: Swinging Strike 0-2: Ball 1-2: Strikes out looking
|
Bottom of the 2nd over - 0 runs, 1 hit, 0 errors, 1 left on base; Cape Coral 3 - Idaho Falls 1 |
TOP OF THE 3RD |
Cape Coral Reefers batting - Pitching for Idaho Falls Chukars : RHP Gary Podell
|
Batting: LHB Pedro Guerrero
|
0-0: Ball 1-0: Foul Ball, location: 2F 1-1: Ground out 4-3 (Groundball, 4, EV 108.8 MPH)
|
Batting: RHB Dima Tabakaev
|
0-0: Called Strike 0-1: Foul Ball, location: 2F 0-2: Foul Ball, location: 2F 0-2: Strikes out swinging
|
Batting: LHB Danny Rodríguez
|
0-0: Ball 1-0: Foul Ball, location: 2F 1-1: Foul Ball, location: 2F 1-2: Strikes out swinging
|
Top of the 3rd over - 0 runs, 0 hits, 0 errors, 0 left on base; Cape Coral 3 - Idaho Falls 1 |
BOTTOM OF THE 3RD |
Idaho Falls Chukars batting - Pitching for Cape Coral Reefers : RHP Thomas Careless
|
Batting: SHB Oscar Henson
|
0-0: Ball 1-0: Bunt for hit to 3S - play at first, batter OUT! 3-4
|
Batting: RHB Muoi Hoan
|
0-0: Ball 1-0: Ball 2-0: Ball 3-0: Base on Balls
|
Batting: SHB Koryusai Ohayashi
|
0-0: Called Strike 0-1: Ball 1-1: Called Strike 1-2: Foul Ball, location: 2F 1-2: Strikes out swinging
|
Batting: LHB Huibrecht Bloemheuvel
|
0-0: Called Strike 0-1: Ball 1-1: Ball 2-1: Foul Ball, location: 2F 2-2: Fielders Choice at 2nd, 6-4 (Groundball, 6, EV 100.6 MPH)
|
Bottom of the 3rd over - 0 runs, 0 hits, 0 errors, 1 left on base; Cape Coral 3 - Idaho Falls 1 |
TOP OF THE 4TH |
Cape Coral Reefers batting - Pitching for Idaho Falls Chukars : RHP Gary Podell
|
Batting: RHB Tom Camden
|
0-0: Called Strike 0-1: Ball 1-1: Called Strike 1-2: Ball 2-2: Fly out, F9 (Flyball, 9S, EV 89.4 MPH)
|
Batting: RHB Axel Ruschmeyer
|
0-0: Foul Ball, location: 2F 0-1: Foul Ball, location: 2F 0-2: Strikes out looking
|
Batting: RHB Woong Byeon
|
0-0: Ball 1-0: Called Strike 1-1: Called Strike 1-2: Ball 2-2: Foul Ball, location: 2F 2-2: DOUBLE (Line Drive, 7LM, EV 105.0 MPH)
|
Batting: LHB Fernando Negrete
|
0-0: Called Strike 0-1: Ball 1-1: Foul Ball, location: 2F 1-2: Foul Ball, location: 2F 1-2: Foul Ball, location: 2F 1-2: Ball 2-2: Ground out 3-1 (Groundball, 34S, EV 71.9 MPH)
|
Top of the 4th over - 0 runs, 1 hit, 0 errors, 1 left on base; Cape Coral 3 - Idaho Falls 1 |
BOTTOM OF THE 4TH |
Idaho Falls Chukars batting - Pitching for Cape Coral Reefers : RHP Thomas Careless
|
Batting: RHB César Vélez
|
0-0: Called Strike 0-1: Swinging Strike 0-2: Ball 1-2: Ball 2-2: Fly out, F8 (Flyball, 89M, EV 88.8 MPH)
|
Batting: LHB Doyle Berkey
|
0-0: Called Strike 0-1: Ground out 4-3 (Groundball, 4S, EV 88.1 MPH)
|
Batting: RHB Kel Warren
|
0-0: Foul Ball, location: 2F 0-1: Ball 1-1: Ball 2-1: Foul Ball, location: 2F 2-2: Foul Ball, location: 2F 2-2: DOUBLE (Line Drive, 3D, EV 95.0 MPH)
|
Batting: RHB Jon Walker
|
0-0: Called Strike 0-1: Ball 1-1: Ground out 4-3 (Groundball, 34D, EV 109.4 MPH)
|
Bottom of the 4th over - 0 runs, 1 hit, 0 errors, 1 left on base; Cape Coral 3 - Idaho Falls 1 |
TOP OF THE 5TH |
Cape Coral Reefers batting - Pitching for Idaho Falls Chukars : RHP Gary Podell
|
Batting: RHB Dave Hill
|
0-0: Ground out 1-3 (Groundball, 13, EV 89.4 MPH)
|
Batting: LHB Pat Carter
|
0-0: SINGLE (Groundball, 56S, EV 63.8 MPH) (infield hit)
|
Batting: LHB Pedro Guerrero
|
0-0: Ball 1-0: Ball 2-0: Fly out, F9 (Flyball, 9, EV 89.4 MPH)
|
Batting: RHB Dima Tabakaev
|
0-0: Ball Pat Carter is caught stealing 2nd base 2-4
|
Top of the 5th over - 0 runs, 1 hit, 0 errors, 0 left on base; Cape Coral 3 - Idaho Falls 1 |
BOTTOM OF THE 5TH |
Idaho Falls Chukars batting - Pitching for Cape Coral Reefers : RHP Thomas Careless
|
Batting: RHB Javier Botín
|
0-0: Ground out 1-3 (Groundball, 23, EV 63.8 MPH)
|
Batting: SHB Oscar Henson
|
0-0: Ball 1-0: DOUBLE (Line Drive, 9LS, EV 103.8 MPH)
|
Batting: RHB Muoi Hoan
|
0-0: Ball 1-0: Foul Ball, location: 2F 1-1: Foul Ball, location: 2F 1-2: Foul Ball, location: 2F 1-2: Ball 2-2: Ball 3-2: Fly out, F8 (Flyball, 8RM, EV 99.4 MPH)
|
Batting: SHB Koryusai Ohayashi
|
0-0: Called Strike 0-1: Foul Ball, location: 2F 0-2: Ball 1-2: Foul Ball, location: 2F 1-2: Strikes out swinging
|
Bottom of the 5th over - 0 runs, 1 hit, 0 errors, 1 left on base; Cape Coral 3 - Idaho Falls 1 |
TOP OF THE 6TH |
Cape Coral Reefers batting - Pitching for Idaho Falls Chukars : RHP Gary Podell
|
Batting: RHB Dima Tabakaev
|
0-0: Ball 1-0: SOLO HOME RUN (Flyball, 7LD, EV 108.8 MPH), Distance : 365 ft
|
Batting: LHB Danny Rodríguez
|
0-0: Ball 1-0: Foul Ball, location: 2F 1-1: Foul Ball, location: 2F 1-2: Ground out 4-3 (Groundball, 4M, EV 96.9 MPH)
|
Batting: RHB Tom Camden
|
0-0: SINGLE (Line Drive, 78S, EV 106.9 MPH)
|
Batting: RHB Axel Ruschmeyer
|
0-0: Called Strike 0-1: Ball 1-1: Ball 2-1: SINGLE (Line Drive, 9S, EV 91.2 MPH) Tom Camden to second Runner from 2nd tries for 3rd, SAFE, no throw by RF
|
Batting: RHB Woong Byeon
|
0-0: Ball 1-0: Fly out, F3 (Popup, 3F, EV 61.2 MPH)
|
Batting: LHB Fernando Negrete
|
0-0: Swinging Strike 0-1: Ball 1-1: Ball 2-1: Fly out, F7 (Flyball, 78D, EV 101.2 MPH)
|
Top of the 6th over - 1 run, 3 hits, 0 errors, 2 left on base; Cape Coral 4 - Idaho Falls 1 |
BOTTOM OF THE 6TH |
Idaho Falls Chukars batting - Pitching for Cape Coral Reefers : RHP Thomas Careless
|
Batting: LHB Huibrecht Bloemheuvel
|
0-0: Ball 1-0: Called Strike 1-1: Swinging Strike 1-2: Ball 2-2: SINGLE (Line Drive, 89S, EV 100.6 MPH)
|
Batting: RHB César Vélez
|
0-0: Ball 1-0: Called Strike 1-1: Ball 2-1: SINGLE (Groundball, 56D, EV 107.5 MPH) Huibrecht Bloemheuvel to second
|
Pitching: RHP Hyeon-uk Sa
|
|
Batting: LHB Doyle Berkey
|
0-0: Foul Ball, location: 2F 0-1: Called Strike 0-2: Foul Ball, location: 2F 0-2: Ball 1-2: Strikes out looking
|
Batting: RHB Kel Warren
|
0-0: Ball Huibrecht Bloemheuvel is caught stealing 3rd base 2-5 1-0: Ball 2-0: Called Strike 2-1: SINGLE (Groundball, 56D, EV 99.4 MPH) César Vélez to second
|
Batting: RHB Jon Walker
|
0-0: Fielders Choice at 2nd, U6 (Groundball, 6M, EV 88.1 MPH)
|
Bottom of the 6th over - 0 runs, 3 hits, 0 errors, 2 left on base; Cape Coral 4 - Idaho Falls 1 |
TOP OF THE 7TH |
Cape Coral Reefers batting - Pitching for Idaho Falls Chukars : RHP Gary Podell
|
Batting: RHB Dave Hill
|
0-0: Swinging Strike 0-1: Ball 1-1: Foul Ball, location: 2F 1-2: Ball 2-2: Ball 3-2: SOLO HOME RUN (Flyball, 7LD, EV 107.5 MPH), Distance : 376 ft
|
Pitching: LHP Kevin Parker
|
|
Batting: LHB Pat Carter
|
0-0: Ball 1-0: Ball 2-0: Swinging Strike 2-1: Foul Ball, location: 2F 2-2: Ball 3-2: Foul Ball, location: 2F 3-2: Fly out, F9 (Flyball, 9D, EV 100.6 MPH)
|
Batting: LHB Pedro Guerrero
|
0-0: Foul Ball, location: 2F 0-1: Foul Ball, location: 2F 0-2: Foul Ball, location: 2F 0-2: Strikes out swinging
|
Batting: RHB Dima Tabakaev
|
0-0: Ball 1-0: Ball 2-0: Called Strike 2-1: Swinging Strike 2-2: Ground out U3 (Groundball, 3S, EV 84.4 MPH)
|
Top of the 7th over - 1 run, 1 hit, 0 errors, 0 left on base; Cape Coral 5 - Idaho Falls 1 |
BOTTOM OF THE 7TH |
Idaho Falls Chukars batting - Pitching for Cape Coral Reefers : RHP Hyeon-uk Sa
|
Batting: RHB Javier Botín
|
0-0: Ball 1-0: DOUBLE (Line Drive, 7LS, EV 108.8 MPH)
|
Batting: SHB Oscar Henson
|
0-0: Ball 1-0: Called Strike 1-1: Swinging Strike 1-2: Ball Wild Pitch! Javier Botín to third 2-2: Ball 3-2: Base on Balls
|
Batting: RHB Muoi Hoan
|
0-0: Called Strike Pickoff Throw by Catcher to First - Out! 0-1: Ball 1-1: Fly out, F9 (Line Drive, 9, EV 106.2 MPH)
|
Batting: SHB Koryusai Ohayashi
|
0-0: Ball 1-0: Called Strike 1-1: Ball 2-1: Foul Ball, location: 2F 2-2: Ball 3-2: Foul Ball, location: 2F 3-2: Fly out, F8 (Flyball, 78D, EV 100.6 MPH)
|
Bottom of the 7th over - 0 runs, 1 hit, 0 errors, 1 left on base; Cape Coral 5 - Idaho Falls 1 |
TOP OF THE 8TH |
Cape Coral Reefers batting - Pitching for Idaho Falls Chukars : LHP Kevin Parker
|
Batting: LHB Danny Rodríguez
|
0-0: Foul Ball, location: 2F 0-1: Foul Ball, location: 2F 0-2: Foul Ball, location: 2F 0-2: Fly out, F7 (Flyball, 7D, EV 92.5 MPH)
|
Batting: RHB Tom Camden
|
0-0: Ground out 5-3 (Groundball, 56, EV 83.1 MPH)
|
Batting: RHB Axel Ruschmeyer
|
0-0: Foul Ball, location: 2F 0-1: Fly out, F9 (Flyball, 9LM, EV 83.1 MPH)
|
Top of the 8th over - 0 runs, 0 hits, 0 errors, 0 left on base; Cape Coral 5 - Idaho Falls 1 |
BOTTOM OF THE 8TH |
Idaho Falls Chukars batting - Pitching for Cape Coral Reefers : RHP Hyeon-uk Sa
|
Batting: LHB Huibrecht Bloemheuvel
|
0-0: Ball 1-0: Ball 2-0: Foul Ball, location: 2F 2-1: Ball 3-1: Base on Balls
|
Batting: RHB César Vélez
|
0-0: Foul Ball, location: 2F 0-1: Ball 1-1: Ball 2-1: Ball 3-1: Called Strike 3-2: Foul Ball, location: 2F 3-2: Fly out, F8 (Flyball, 8LXD, EV 89.4 MPH)
|
Batting: LHB Doyle Berkey
|
0-0: Called Strike 0-1: Ball 1-1: Ball 2-1: SINGLE (Groundball, 34D, EV 106.9 MPH) Huibrecht Bloemheuvel to second Runner from 2nd tries for 3rd, SAFE, throw by RF made to third
|
Pitching: RHP Bill Glenn
|
|
Batting: RHB Kel Warren
|
0-0: Ball 1-0: Foul Ball, location: 2F 1-1: Ball 2-1: Fly out, F6 (Line Drive, 6, EV 70.0 MPH)
|
Batting: RHB Jon Walker
|
0-0: Ball 1-0: Fielders Choice at 2nd, 6-4 (Groundball, 6, EV 108.8 MPH)
|
Bottom of the 8th over - 0 runs, 1 hit, 0 errors, 2 left on base; Cape Coral 5 - Idaho Falls 1 |
TOP OF THE 9TH |
Cape Coral Reefers batting - Pitching for Idaho Falls Chukars : LHP Kevin Parker
|
Batting: RHB Woong Byeon
|
0-0: Called Strike 0-1: Ball 1-1: Ball 2-1: Fly out, F9 (Flyball, 9S, EV 82.5 MPH)
|
Batting: LHB Fernando Negrete
|
0-0: Foul Ball, location: 2F 0-1: Fly out, F7 (Flyball, 7LD, EV 91.2 MPH)
|
Batting: RHB Dave Hill
|
0-0: Called Strike 0-1: Swinging Strike 0-2: SINGLE (Line Drive, 8RS, EV 103.1 MPH)
|
Batting: LHB Pat Carter
|
0-0: Foul Ball, location: 2F 0-1: Ball 1-1: Ball 2-1: Fly out, F7 (Flyball, 7LSF, EV 87.5 MPH)
|
Top of the 9th over - 0 runs, 1 hit, 0 errors, 1 left on base; Cape Coral 5 - Idaho Falls 1 |
BOTTOM OF THE 9TH |
Idaho Falls Chukars batting - Pitching for Cape Coral Reefers : RHP Bill Glenn
|
Batting: RHB Javier Botín
|
0-0: Called Strike 0-1: Ball 1-1: Ball 2-1: Ball 3-1: Foul Ball, location: 2F 3-2: Foul Ball, location: 2F 3-2: Foul Ball, location: 2F 3-2: Strikes out looking
|
Batting: SHB Oscar Henson
|
0-0: Fly out, F9 (Line Drive, 9D, EV 95.0 MPH)
|
Batting: RHB Muoi Hoan
|
0-0: Ball 1-0: Ball 2-0: Ball 3-0: Called Strike 3-1: Foul Ball, location: 2F 3-2: Strikes out swinging
|
Bottom of the 9th over - 0 runs, 0 hits, 0 errors, 0 left on base; Cape Coral 5 - Idaho Falls 1 |
|